 Dungeon Crawl Stone Soup version 0.27.1-3-gb3d3a73c9e (webtiles) character file.

Game seed: 17237797482445815917

238 raph the Stinger (level 5, -2/29 HPs)
             Began as a Deep Elf Venom Mage on Oct 28, 2021.
             Was a Follower of Kikubaaqudgha.
             Killed from afar by Blork the orc (8 damage)
             ... with a puff of flame
             ... on level 4 of the Dungeon.
             The game lasted 00:11:10 (5163 turns).

raph the Stinger (Deep Elf Venom Mage)              Turns: 5163, Time: 00:11:11

Health: -2/29      AC:  5    Str: 11    XL:     5   Next: 78%
Magic:  18/22      EV: 13    Int: 21    God:    Kikubaaqudgha [*.....]
Gold:   57         SH:  0    Dex: 15    Spells: 0/12 levels left

rFire    . . .     SeeInvis .   k - +0 long sword (flame)
rCold    . . .     Faith    .   (no shield)
rNeg     . . .     Spirit   .   a - +1 robe
rPois    .         Reflect  .   m - +1 helmet
rElec    .         Harm     .   (no cloak)
rCorr    .         Rampage  .   (no gloves)
Will     .....                  (no boots)
Stlth    ++........             (no amulet)
HPRegen  0.09/turn              h - +6 ring of strength
MPRegen  0.18/turn              f - ring of magical power

@: no status effects
A: no striking features
a: Renounce Religion, Receive Corpses


You were on level 4 of the Dungeon.
You worshipped Kikubaaqudgha.
Kikubaaqudgha was aware of your devotion.
You visited 1 branch of the dungeon, and saw 4 of its levels.

You collected 129 gold pieces.
You spent 72 gold pieces at shops.

Inventory:

Hand Weapons
 c - a +0 dagger
 k - a +0 long sword of flaming (weapon)
Armour
 a - a +1 robe (worn)
 m - a +1 helmet (worn)
Jewellery
 f - a ring of magical power (right hand)
 h - a +6 ring of strength (left hand)
Scrolls
 b - a scroll of holy word
 l - a scroll of teleportation
Potions
 d - a potion of cancellation {unknown}
 e - 3 potions of might {unknown}
 g - 2 potions of flight {unknown}
 i - 2 potions of curing
 j - 2 potions of heal wounds {unknown}


   Skills:
 + Level 1.6 Fighting
 + Level 3.6 Dodging
 + Level 3.3 Stealth
 + Level 4.3 Spellcasting
 * Level 1.4 Necromancy
 - Level 1.1 Transmutations
 * Level 4.9 Poison Magic


You couldn't memorise any spells.
You knew the following spells:

 Your Spells              Type           Power      Damage    Failure   Level
a - Sting                 Tmut/Pois      68%        1d6       3%          1
b - Poisonous Vapours     Pois/Air       28%        N/A       6%          2
c - Mephitic Cloud        Conj/Pois/Air  11%        N/A       19%         3
d - Olgreb's Toxic Radia  Pois           25%        N/A       16%         4
e - Animate Skeleton      Necr           20%        N/A       6%          1
f - Pain                  Necr           40%        1d6       6%          1

Your spell library contained the following spells:

 Spells                   Type           Power      Damage    Failure   Level
 Sublimation of Blood     Necr           5%         N/A       10%         2
 Vampiric Draining        Necr           5%         2d6       19%         3


Dungeon Overview and Level Annotations

Branches:
Dungeon (4/15)
 Temple: D:4-7

Altars:
Fedhas
Kikubaaqudgha
Trog

Shops:
D:2 [*   D:3 [

Annotations:
D:4 1 runed translucent door, Blork the orc; emiel's ghost, novice DsBe


Message History

Found a stone staircase leading down.
Blork the orc screams, "I'm going to kill you!"
Blork the orc gestures at you while chanting.
The puff of frost hits you but does no damage.
You closely miss Blork the orc. Blork the orc misses you.
You riposte.
You hit Blork the orc. You burn Blork the orc.
Blork the orc is lightly wounded.
Blork the orc completely misses you.
You riposte.
You hit Blork the orc. You burn Blork the orc.
Blork the orc is moderately wounded.
Blork the orc hits you but does no damage.
Blork the orc barely misses you. Blork the orc closely misses you.
Casting: Poisonous Vapours (safe; 6% risk of failure)
Confirm with . or Enter, or press ? or * to list all spells.
You begin to radiate toxic energy.
Blork the orc is poisoned.
Blork the orc looks even sicker.
Blork the orc hits you from afar with a +0 glaive.
Your toxic aura wanes.
Blork the orc hits you from afar with a +0 glaive!
Blork the orc misses you.
Blork the orc miscasts a cantrip.
Blork the orc barely misses you.
Casting: Olgreb's Toxic Radiance (extremely dangerous; 16% risk of failure)
Confirm with . or Enter, or press ? or * to list all spells.
Aiming: Poisonous Vapours (safe; 6% risk of failure)
Press: ? - help, Dir - move target, f - Blork the orc
Aim: Blork the orc, wielding a +0 glaive and wearing a +0 robe (heavily wounded, fast, poisoned) Poisonous vapours surround Blork the orc!
Blork the orc looks even sicker.
Blork the orc points at you and mumbles some strange words.
The magic dart hits you!
* * * LOW HITPOINT WARNING * * *
Blork the orc begins to cast a cantrip, but forgets the words!
Blork the orc casts a cantrip, but nothing happens.
Blork the orc looks braver for a moment.
Blork the orc points at you and mumbles some strange words.
The puff of flame hits you!
You die...
Kikubaaqudgha rasps: "You have failed me!
Welcome... death!"

#.....'..............
#....##.....#########
#†...######## ##...#
). #.....#
.'...###'###.....#
#.........#.....#
#...##....#.....#
.##.(.##....#.....#
............#...@.#
............#.....#
............#.<...#
......##...##.....#
.####+##...##.....#
##....o.....#
#...........#
#...........#
#...........#


You could see Blork the orc (fast, very poisoned).

Vanquished Creatures
  A phantom (D:4)
  Terence (D:3)
  2 adders
  3 ufetubi
  A dart slug (D:3)
  10 orcs
  8 endoplasms
  7 giant cockroaches
  4 goblins
  7 hobgoblins
  6 quokkas
  7 ball pythons
  12 bats
  5 frilled lizards
  9 kobolds
  7 rats
90 creatures vanquished.

Notes
Turn   | Place    | Note
-------+----------+-------------------------------------------
     0 | D:1      | raph the Deep Elf Venom Mage began the quest for the Orb.
     0 | D:1      | Reached XP level 1. HP: 10/10 MP: 6/6
   360 | D:1      | Reached XP level 2. HP: 11/15 MP: 5/8
   396 | D:1      | Learned a level 2 spell: Poisonous Vapours
  1194 | D:1      | Found a faded altar of an unknown god.
  1386 | D:2      | Reached XP level 3. HP: 20/20 MP: 6/9
  1415 | D:1      | Learned a level 3 spell: Mephitic Cloud
  1695 | D:2      | Reached skill level 1 in Fighting
  2013 | D:2      | Reached XP level 4. HP: 25/25 MP: 1/11
  2100 | D:2      | Learned a level 4 spell: Olgreb's Toxic Radiance
  2119 | D:2      | Found Naukemir's Assorted Antiques.
  2138 | D:2      | Bought a scroll labelled NIL DUVUFFE for 27 gold pieces
  2244 | D:2      | Found Putischy's Armour Boutique.
  2372 | D:2      | Found an ancient bone altar of Kikubaaqudgha.
  2436 | D:2      | Became a worshipper of Kikubaaqudgha
  2977 | D:3      | Noticed Terence
  2999 | D:3      | Killed Terence
  3401 | D:3      | Found a bloodstained altar of Trog.
  3620 | D:3      | Found a blossoming altar of Fedhas.
  4185 | D:3      | Reached XP level 5. HP: 29/29 MP: 13/13
  4231 | D:3      | Found Ruinokke's Antique Armour Shoppe.
  4290 | D:2      | Bought a +0 helmet for 45 gold pieces
  4336 | D:4      | Reached * piety under Kikubaaqudgha
  4336 | D:4      | Received a gift from Kikubaaqudgha
  4350 | D:4      | Learned a level 1 spell: Animate Skeleton
  4352 | D:4      | Learned a level 1 spell: Pain
  4386 | D:4      | Noticed emiel's ghost (novice DsBe)
  4387 | D:4      | Found a runed translucent door.
  4509 | D:4      | Noticed a phantom
  4524 | D:4      | Killed a phantom
  4525 | D:4      | Reached skill level 1 in Necromancy
  5138 | D:4      | Noticed Blork the orc
  5163 | D:4      | Killed from afar by Blork the orc

Illustrated notes

Levels and vault maps discovered:
D:1:      dpeg_arrival_signposts, layout_loops_ring,
          ebering_ecumenical_altar_hall, minmay_misc_feat_tiny,
          hangedman_abyss_or_decor_lesser_grid
D:2:      layout_rooms, serial_shops, nicolae_shop_behind_doors,
          nicolae_shop_waterfront, basic_altar
D:3:      layout_basic, fedhas_altar_fruit_tree, mainiacjoe_overflow_24_doors,
          serial_shops, nicolae_lakefront_shop, minivault_24,
          grunt_ministairs_2, uniq_terence
D:4:      layout_gridville, hellmonk_ghost_happy_afterlife, kennysheep_boxes,
          uniq_blork_the_orc

Skill      XL: |  1  2  3  4  5 |
---------------+----------------+-----
Stealth        | 3 |  3.3
Dodging        | 3 |  3.6
Poison Magic   | 4 |  4.9
Fighting       | 1 |  1.6
Spellcasting   | 4 |  4.3
Necromancy     | 1 |  1.4
Transmutations | |  1.1

Action                   |  1- 3 |  4- 6 || total
-------------------------+-------+-------++-------
Melee: Dagger            |     7 |       ||     7
       Unarmed           |     1 |       ||     1
       Long sword        |     4 |    35 ||    39
 Cast: Sting             |    62 |    14 ||    76
       Poisonous Vapours |    14 |    50 ||    64
       Olgreb's Toxic Ra |       |     2 ||     2
       Animate Skeleton  |       |     1 ||     1
  Use: Scroll            |       |     7 ||     7
 Stab: Sleeping          |     2 |     3 ||     5
       Distracted        |     1 |     1 ||     2
Armor: Robe              |    10 |     5 ||    15
Dodge: Dodged            |    39 |    30 ||    69
       Rpst.: Long sword |     6 |    12 ||    18
